 Dungeon Crawl Stone Soup version 0.23-a0-261-g133332c (webtiles) character file.

14 mhoghedin the Skirmisher (level 2, 0/19 HPs)
             Began as a Kobold Fighter on Sept 29, 2018.
             Slain by a jackal (2 damage)
             ... on level 1 of the Dungeon.
             The game lasted 00:00:32 (197 turns).

mhoghedin the Skirmisher (Kobold Fighter)            Turns: 197, Time: 00:00:33

Health: 0/19       AC:  6    Str: 18    XL:     2   Next: 60%
Magic:  2/2        EV:  8    Int:  9    God:
Gold:   20         SH:  9    Dex: 14    Spells: 1/1 levels left

rFire    . . .     SeeInvis .   a - +0 long sword
rCold    . . .     Gourm    .   c - +0 shield
rNeg     . . .     Faith    .   b - +0 scale mail
rPois    .         Spirit   .   (no helmet)
rElec    .         Reflect  .   (no cloak)
rCorr    .         Harm     .   (no gloves)
MR       .....                  (no boots)
Stlth    ..........             (no amulet)
HPRegen  0.06/turn              (no ring)
MPRegen  0.08/turn              (no ring)

@: mighty
A: small, carnivore
a: no special abilities


You were on level 1 of the Dungeon.
You were not hungry.

You visited 1 branch of the dungeon, and saw 1 of its levels.

You collected 20 gold pieces.

Inventory:

Hand Weapons
 a - a +0 long sword (weapon)
Armour
 b - a +0 scale mail (worn)
 c - a +0 shield (worn)
Scrolls
 e - a scroll of fear {unknown}
Potions
 g - a potion of cancellation {unknown}
 h - a potion of curing {unknown}
 i - a potion of mutation {unknown}
Comestibles
 f - 2 rations


   Skills:
 - Level 3.2 Fighting
 + Level 2.4 Long Blades
 - Level 2.4 Armour
 - Level 2.4 Shields


You had one spell level left.
You didn't know any spells.
Your spell library was empty.

Dungeon Overview and Level Annotations

Branches:
Dungeon (1/15)

Altars:


Innate Abilities, Weirdness & Mutations

You are small and have problems with some larger weapons.
You are carnivorous and can eat meat at any time.


Message History

The jackal bites you.
Found a stone staircase leading down.
You take 2 damage, and have 17/19 hp.
You hit the jackal but do no damage. You block the jackal's attack.
The jackal closely misses you. You block the jackal's attack.
You hit the jackal but do no damage.
The jackal bites you but does no damage.
The jackal bites you. You block the jackal's attack.
You take 1 damage, and have 16/19 hp.
You hit the jackal.
The jackal bites you but does no damage.
The jackal barely misses you. You block the jackal's attack.
The jackal bites you but does no damage.
Your shield and scale mail prevent you from hitting the jackal.
The jackal bites you but does no damage.
The jackal barely misses you.
The jackal bites you but does no damage.
The jackal bites you. x2; You block the jackal's attack.
The jackal closely misses you.
The jackal bites you but does no damage.
You take 3 damage, and have 13/19 hp.
You closely miss the jackal. You block the jackal's attack.
The jackal bites you but does no damage. x2
You block the jackal's attack. The jackal bites you.
You block the jackal's attack. The jackal closely misses you.
You riposte.
You barely miss the jackal.
You take 1 damage, and have 12/19 hp.
You barely miss the jackal. The jackal barely misses you.
You block the jackal's attack. x2
The jackal bites you but does no damage. x2
The jackal barely misses you.
You riposte.
You closely miss the jackal.
The jackal bites you but does no damage.
The jackal barely misses you.
You riposte.
You hit the jackal. You hit the jackal.
You kill the jackal!
The jackal bites you but does no damage.
The jackal bites you.
The jackal bites you but does no damage.
You block the jackal's attack. x2
The jackal bites you but does no damage.
You take 3 damage, and have 9/19 hp.
You are too injured to fight recklessly!
You are too injured to fight recklessly!
You are too injured to fight recklessly!
You are too injured to fight recklessly!
You are too injured to fight recklessly!
You are too injured to fight recklessly!
You are too injured to fight recklessly!
You are too injured to fight recklessly!
You are too injured to fight recklessly!
You are too injured to fight recklessly!
You are too injured to fight recklessly!
You are too injured to fight recklessly!
You are too injured to fight recklessly!
You are too injured to fight recklessly!
You are too injured to fight recklessly!
You are too injured to fight recklessly!
Unknown command.
The jackal barely misses you. The jackal bites you.
You take 1 damage, and have 8/19 hp.
You see here a ring mail.
You hit the jackal but do no damage. The jackal closely misses you.
You riposte.
You closely miss the jackal. You closely miss the jackal.
You block the jackal's attack.
You miss the jackal.
The jackal bites you but does no damage.
You block the jackal's attack. The jackal bites you.
You take 1 damage, and have 7/19 hp.
You hit the jackal.
You kill the jackal!
The jackal bites you but does no damage.
The jackal barely misses you. x2
You hit the jackal but do no damage. The jackal closely misses you. x2
The jackal barely misses you.
The jackal bites you but does no damage.
You closely miss the jackal. You block the jackal's attack.
The jackal bites you. The jackal barely misses you.
You block the jackal's attack.
You take 1 damage, and have 7/19 hp.
You hit the jackal but do no damage.
The jackal bites you but does no damage.
You block the jackal's attack. The jackal bites you.
* * * LOW HITPOINT WARNING * * *
The jackal barely misses you.
You take 2 damage, and have 5/19 hp.
You closely miss the jackal. The jackal bites you.
* * * LOW HITPOINT WARNING * * *
The jackal bites you but does no damage.
You block the jackal's attack. The jackal barely misses you.
You take 2 damage, and have 3/19 hp.
The jackal bites you.
* * * LOW HITPOINT WARNING * * *
You block the jackal's attack.
The jackal bites you but does no damage.
You take 1 damage, and have 2/19 hp.
The jackal closely misses you.
You riposte.
You hit the jackal. You block the jackal's attack.
The jackal bites you but does no damage.
You feel very mighty all of a sudden. The jackal bites you.
You die...

.##.......PP..≈♣≈≈
.........P..♣≈≈≈≈≈♣..
#........♣≈≈≈≈♣≈P. .
#.....P...♣≈♣≈≈... ..
###.(........≈♣P..P ...
.................P# ....
.....####.........#.....
.....# #...............
.....# #.......@+ #+####
#......hh#
..#######........#
.................#
......##########.#
..#..............#
.#.#).#######..#[#
#...#......#...#†#
.....#####..##...#


You could see 2 jackals.

Vanquished Creatures
  An ooze (D:1)
  2 dart slugs (D:1)
  A goblin (D:1)
  2 jackals (D:1)
6 creatures vanquished.

Notes
Turn   | Place    | Note
-------+----------+-------------------------------------------
     0 | D:1      | mhoghedin the Kobold Fighter began the quest for the Orb.
     0 | D:1      | Reached XP level 1. HP: 14/14 MP: 1/1
   141 | D:1      | Reached skill level 2 in Long Blades
   141 | D:1      | Reached XP level 2. HP: 19/19 MP: 2/2
   190 | D:1      | HP: 3/19 [jackal (2)]
   197 | D:1      | Slain by a jackal

Vault maps used:
D:1:      scummos_arrival_star, minivault_14, skrybe_limestone_x, minivault_11,
          kennysheep_pointless_box, serial_bayou_pond_a, minmay_pentomino_q2

Skill      XL: |  1 |
---------------+----+-----
Long Blades    | 2 |  2.4
Fighting       | |  3.2
Armour         | |  2.4
Shields        | |  2.4

Action                   || total
-------------------------++-------
Melee: Long sword        ||    25
  Use: Potion            ||     1
  Eat: Chunk             ||     1
Armor: Scale mail        ||    24
Dodge: Dodged            ||    20
Block: Shield            ||    26
       Rpst.: Long sword ||     5

Table legend:
 A = Non-vault XP
 B = Vault XP
 C = Vault XP percentage of total XP
 D = Non-vault monster count
 E = Vault monster count
 F = Vault count percentage of total count
                 A         B        C        D         E       F
            +---------+---------+-------+---------+---------+-------
      Total |      21 |       0 |   0.0 |       6 |       0 |   0.0
            +---------+---------+-------+---------+---------+-------
        D:1 |      21 |       0 |   0.0 |       6 |       0 |   0.0
            +---------+---------+-------+---------+---------+-------

Vault maps used:
D:1:      scummos_arrival_star, minivault_14, skrybe_limestone_x, minivault_11,
          kennysheep_pointless_box, serial_bayou_pond_a, minmay_pentomino_q2

Table legend:
 A = Turns spent in this place as a percentage of turns spent in the entire game.
 B = Non-inter-level travel turns spent in this place as a percentage of non-inter-level travel turns spent in the entire game.
 C = Inter-level travel turns spent in this place as a percentage of turns spent in this place.
 D = Turns resting spent in this place as a percentage of non-inter-level travel turns spent in this place.
 E = Turns spent auto-exploring this place as a percentage of non-inter-level travel turns spent in this place.
 F = Non-inter-level travel turns spent in this place divided by the number of levels of this place that you've seen.
                   A       B       C       D       E      F
               +-------+-------+-------+-------+-------+----------------------
         Total | 100.0 | 100.0 |   0.0 |  52.8 |  19.3 | 197.0
       Dungeon | 100.0 | 100.0 |   0.0 |  52.8 |  19.3 | 197.0
               +-------+-------+-------+-------+-------+----------------------

Table legend:
 A = Kills in this place as a percentage of kills in entire the game.
 B = Kills by you in this place as a percentage of kills by you in the entire game.
 C = Kills by friends in this place as a percentage of kills by friends in the entire game.
 D = Other kills in this place as a percentage of other kills in the entire game.
 E = Experience gained in this place as a percentage of experience gained in the entire game.
 F = Experience gained in this place divided by the number of levels of this place that you have seen.
                   A       B       C       D       E      F
               +-------+-------+-------+-------+-------+----------------------
         Total | 100.0 | 100.0 |   N/A |   N/A | 100.0 |  21.0
       Dungeon | 100.0 | 100.0 |   N/A |   N/A | 100.0 |  21.0
               +-------+-------+-------+-------+-------+----------------------
